 Dungeon Crawl Stone Soup version 0.26.0-10-g1f06aea511 (webtiles) character file.

Game seed: 17106267963826152193

84 funkygono the Gusty (level 4, -2/33 HPs)
             Began as a Draconian Air Elementalist on Jan 20, 2021.
             Slain by a sky beast (6 damage)
             ... on level 2 of the Dungeon.
             The game lasted 00:03:46 (1798 turns).

funkygono the Gusty (Draconian Air Elementalist)    Turns: 1798, Time: 00:03:47

Health: -2/33      AC:  9    Str: 10    XL:     4   Next: 23%
Magic:  7/7        EV: 12    Int: 17    God:
Gold:   83         SH:  0    Dex: 11    Spells: 2/8 levels left

rFire    . . .     SeeInvis .   d - +0 whip
rCold    . . .     Faith    .   (no shield)
rNeg     . . .     Spirit   .   (armour unavailable)
rPois    .         Reflect  .   (helmet restricted)
rElec    .         Harm     .   (no cloak)
rCorr    .         Rampage  .   (no gloves)
Will     .....                  (no boots)
Stlth    ++........             (no amulet)
HPRegen  0.11/turn              b - +4 ring of protection
MPRegen  0.10/turn              (no ring)

@: no status effects
A: unfitting armour, cold-blooded, AC +5
a: no special abilities


You were on level 2 of the Dungeon.
You visited 1 branch of the dungeon, and saw 2 of its levels.

You collected 83 gold pieces.

Inventory:

Hand Weapons
 d - a +0 whip (weapon)
Jewellery
 b - a +4 ring of protection (left hand)
Scrolls
 c - 2 scrolls of remove curse
Potions
 a - a potion of haste {unknown}
 e - a potion of degeneration {unknown}
 f - a potion of brilliance {unknown}
 g - a potion of curing {unknown}


   Skills:
 + Level 1.8 Dodging
 + Level 2.0 Stealth
 * Level 2.5 Spellcasting
 * Level 2.4 Conjurations
 * Level 4.0 Air Magic


You had 2 spell levels left.
You knew the following spells:

 Your Spells              Type           Power        Failure   Level
a - Shock                 Conj/Air       52%          4%          1
b - Swiftness             Air            15%          5%          2
c - Static Discharge      Conj/Air       13%          14%         3

Your spell library contained the following spells:

 Spells                   Type           Power        Failure   Level
 Airstrike                Air            7%           34%         4
 Lightning Bolt           Conj/Air       6%           80%         5


Dungeon Overview and Level Annotations

Branches:
Dungeon (2/15)

Altars:


Innate Abilities, Weirdness & Mutations

Your plain brown scales are hard. (AC +5)
You cannot fit into any form of body armour.
You are cold-blooded and may be slowed by cold attacks.


Message History

You hit the sky beast.
The sky beast is heavily wounded.
The sky beast closely misses you.
You hit the sky beast.
The sky beast is severely wounded.
The sky beast hits you but does no damage.
The sky beast hits you. The sky beast shocks you.
You hit the sky beast.
The sky beast is almost dead.
The sky beast hits you. The sky beast shocks you.
* * * LOW HITPOINT WARNING * * *
You miss the sky beast.
Your tail-slap misses the sky beast.
The sky beast is almost dead.
The sky beast completely misses you.
You barely miss the sky beast.
The sky beast is almost dead.
The sky beast hits you.
* * * LOW HITPOINT WARNING * * *
The sky beast shocks you.
You die...

#..#######....##.#
.......)......#
.#.#######...##
.#......##...#
.............#
.######.####.#
.............#
.######.#######
#.....@.#
#######Y# ... ..##
..# ..# ..# #.#


You could see a sky beast.

Vanquished Creatures
  3 gnolls (D:2)
  A worm (D:2)
  2 dart slugs (D:1)
  A leopard gecko (D:1)
  5 bats (D:1)
  2 giant cockroaches (D:1)
  7 goblins
  4 hobgoblins
  3 jackals (D:1)
  8 kobolds (D:1)
  A ball python (D:2)
  3 frilled lizards
  5 rats
45 creatures vanquished.

Notes
Turn   | Place    | Note
-------+----------+-------------------------------------------
     0 | D:1      | funkygono the Draconian Air Elementalist began the quest
                  | for the Orb.
     0 | D:1      | Reached XP level 1. HP: 14/14 MP: 3/3
   197 | D:1      | Reached XP level 2. HP: 20/20 MP: 1/5
   355 | D:1      | Learned a level 2 spell: Swiftness
   602 | D:1      | Reached XP level 3. HP: 26/26 MP: 3/6
  1313 | D:2      | Learned a level 3 spell: Static Discharge
  1595 | D:2      | Reached XP level 4. HP: 27/33 MP: 0/7
  1599 | D:2      | Reached skill level 4 in Air Magic
  1774 | D:2      | Noticed a sky beast
  1798 | D:2      | Slain by a sky beast

Illustrated notes

Levels and vault maps discovered:
D:1:      eino_arrival_water_star, layout_basic, minmay_tetromino_i2
D:2:      layout_basic, minitemple, chequers_ecumenical_altar_twisty,
          minmay_cut_off

Skill      XL: |  1  2  3  4 |
---------------+-------------+-----
Stealth        | 2 |  2.0
Conjurations   | 2 |  2.4
Air Magic      | 4 |  4.0
Dodging        | |  1.8
Spellcasting   | |  2.5

Action                   |  1- 3 |  4- 6 || total
-------------------------+-------+-------++-------
Melee: Unarmed           |     3 |       ||     3
       Whip              |    39 |    23 ||    62
       Tailslap          |     1 |       ||     1
 Cast: Shock             |    86 |       ||    86
  Use: Scroll            |     2 |       ||     2
Armor: Skin              |    15 |     8 ||    23
Dodge: Dodged            |    37 |    11 ||    48
